 Dungeon Crawl Stone Soup version 0.30-a0-1043-g60ff8d5f49 (webtiles) character file.

Game seed: 15593940668571141607

5965 Farfigtubin the Cleaver (level 10, -7/93 HPs)
             Began as a Hill Orc Fighter on Apr 7, 2023.
             Was an Initiate of Beogh.
             Mangled by Erolcha
             ... wielding a +0 giant spiked club
              (18 damage)
             ... on level 9 of the Dungeon on Apr 10, 2023.
             The game lasted 00:55:44 (7209 turns).

Farfigtubin the Cleaver (Hill Orc Fighter)          Turns: 7209, Time: 00:55:44

Health: -7/93      AC: 15    Str: 27    XL:     10   Next: 84%
Magic:  4/4        EV:  8    Int:  8    God:    Beogh [......]
Gold:   378        SH:  5    Dex: 10    Spells: 9/9 levels left

rFire   + . .      SeeInvis .    G - +7 hand axe of Rinihy {antimagic, Fly rElec rN+}
rCold   . . .      Faith    .    c - +0 buckler
rNeg    + . .      Spirit   .    y - +0 chain mail
rPois   +          Reflect  .    (no helmet)
rElec   +          Rampage  .    L - +0 cloak
rCorr   .                        x - +0 pair of gloves
Will    +....                    F - +0 pair of boots Stlth
                                 D - amulet of the acrobat
HPRegen 0.35/turn                C - ring of poison resistance
MPRegen 0.09/turn                m - ring of the Rescuing Scavenger {rPois rF+ Will+ Str+3}

@: mighty, flying
A: no striking features
a: Renounce Religion


You were on level 9 of the Dungeon.
You worshipped Beogh.
Beogh was noncommittal.
You visited 2 branches of the dungeon, and saw 10 of its levels.

You collected 378 gold pieces.

Inventory:

Hand Weapons
 a - a +0 war axe
 G - the +7 hand axe of Rinihy (weapon) {antimagic, Fly rElec rN+}
   (You found it on level 7 of the Dungeon)

   rElec:     It insulates you from electricity.
   rN:        It protects you from negative energy.
   Fly:       It grants you flight.
Missiles
 e - 62 stones (quivered)
 z - 4 boomerangs
 H - 5 poisoned darts
Armour
 c - a +0 buckler (worn)
 x - a +0 pair of gloves (worn)
 y - a +0 chain mail (worn)
 F - a +0 pair of boots (worn)
 L - a +0 cloak (worn)
Jewellery
 m - the ring of the Rescuing Scavenger (right hand) {rPois rF+ Will+ Str+3}
   (You took it off a goblin on level 2 of the Dungeon)

   [ring of willpower]

   Str:       It affects your strength (+3).
   rF:        It protects you from fire.
   rPois:     It protects you from poison.
   Will:      It increases your willpower.
 t - an amulet of guardian spirit
 w - a ring of flight
 C - a ring of poison resistance (left hand)
 D - an amulet of the acrobat (around neck)
Wands
 p - a wand of paralysis (17)
 I - a wand of polymorph (7)
Scrolls
 d - a scroll of identify
 f - 4 scrolls of teleportation
 g - a scroll of fear {unknown}
 j - a scroll of amnesia {unknown}
 k - a scroll of vulnerability {unknown}
 l - a scroll of immolation {unknown}
 o - a scroll of noise {unknown}
 r - 3 scrolls of brand weapon
 u - a scroll of torment {unknown}
 v - a scroll of magic mapping {unknown}
 E - a scroll of enchant armour {unknown}
Potions
 b - a potion of heal wounds {unknown}
 h - 2 potions of invisibility
 i - 3 potions of curing
 n - a potion of cancellation {unknown}
 q - 2 potions of lignification {unknown}
 s - 3 potions of mutation
 A - a potion of resistance {unknown}
 B - 2 potions of degeneration {unknown}
 K - a potion of haste {unknown}


   Skills:
 + Level 10.0 Fighting
 * Level 14.4 Axes
 + Level 8.3 Armour
 - Level 5.1 Shields
 + Level 4.0 Invocations


You had 9 spell levels left.
You didn't know any spells.
Your spell library contained the following spells:

 Spells                   Type           Power      Damage    Failure   Level
 Magic Dart               Conj           0%         1d3       92%         1
 Call Imp                 Summ           0%         N/A       98%         2
 Cigotuvi's Dreadful Rot  Necr/Pois/Air  0%         N/A       98%         2
 Ensorcelled Hibernation  Hex/Ice        0%         N/A       98%         2
 Passwall                 Tmut/Erth      0%         N/A       98%         2
 Sublimation of Blood     Necr           0%         N/A       98%         2
 Ignite Poison            Fire/Tmut/Pois 0%         N/A       100%        3
 Mephitic Cloud           Conj/Pois/Air  0%         N/A       100%        3
 Swiftness                Air            0%         N/A       100%        3
 Vhi's Electric Charge    Tloc/Air       0%         N/A       100%        3
 Dispel Undead            Necr           0%         3d6       100%        4
 Petrify                  Tmut/Erth      0%         N/A       100%        4
 Arcjolt                  Conj/Air       0%         1d10      100%        5
 Freezing Cloud           Conj/Ice/Air   0%         6-21      100%        5
 Irradiate                Conj/Tmut      0%         3d11      100%        5
 Death Channel            Necr           0%         N/A       100%        6
 Plasma Beam              Fire/Air       0%         2x1d11    100%        6


Dungeon Overview and Level Annotations

Branches:
Dungeon (9/15)             Temple (1/1) D:7
   Lair: D:8-11         Orc: D:9-12

Altars:
Ashenzari
Cheibriados
Dithmenos
Elyvilon
Fedhas
Gozag
Hepliaklqana
Kikubaaqudgha
Makhleb
Nemelex Xobeh
Okawaru
Qazlal
Ru
Sif Muna
Trog
Uskayaw
Vehumet
Wu Jian
Xom
Yredelemnul
Zin
The Shining One

Annotations:
D:9 Erolcha


Message History

The wyvern is heavily wounded.
You barely miss the wyvern.
The wyvern is heavily wounded.
The wyvern barely misses you.
You slash the wyvern!
The wyvern is almost dead.
The wyvern barely misses you.
You hit the wyvern.
You kill the wyvern!
Beogh accepts your kill.
Your Invocations skill increases to level 4!
You start resting.
HP restored.
You fly downwards.
Level annotation: Erolcha Erolcha mumbles some strange words.
Erolcha flickers and vanishes!
Deactivating autopickup; reactivate with Ctrl-A.
A shadow comes into view.
There is a stone staircase leading up, spattered with blood here.
You hit something. You closely miss something. Something hits you!
You hit something. You barely miss something. Something hits you!!
You miss something. You slash something! You hit the shadow. You hit something.
You barely miss the shadow. The shadow completely misses you.
Something hits you!
You slash something! You hit the shadow but do no damage.
You block the shadow's attack.
A wight comes into view.
It is wielding a +1 short sword of electrocution.
You closely miss something. You hit the shadow. Something hits you.
You slash something! You barely miss the shadow. You block the shadow's attack.
You hit something. You closely miss the shadow. Something hits you!!
* * * LOW HITPOINT WARNING * * *
The shadow hits you.
You feel better. You block the shadow's attack.
You feel very mighty all of a sudden. Something hits you!!
You die...

..# # ..##.
.... . ..#
>..## ###.#
......#...#
..l..h....#
.......#.###
#....###z{@###
##.. ##W.[.#
#. #.).[.# O?
#...........#
.
##..#....##.#
#.##..### #.
#..# .. #.[#
... ..##


You could see a shadow and a wight.

Vanquished Creatures
  A two-headed ogre (D:8)
  Pikel (D:8)
  Joseph (D:7)
  Maurice (D:8)
  Sigmund (D:5)
  A wyvern (D:8)
  6 yaks
  Grum (D:8)
  A steam dragon (D:8)
  A water moccasin (D:7)
  Duvessa (D:5)
  2 ice beasts (D:6)
  A black bear (D:7)
  An ogre (D:5)
  3 wolves
  3 lemures (D:8)
  A phantom (D:4)
  A centaur (D:7)
  A kobold brigand (D:7)
  2 bullfrogs
  3 scorpions
  A gnoll sergeant (D:7)
  7 wights
  Dowan (D:5)
  3 howler monkeys
  2 hounds
  2 jellies (D:5)
  4 orc priests (D:8)
  2 gnoll boudas
  6 iguanas
  4 orc wizards
  10 gnolls
  9 adders
  A shadow imp (D:6)
  2 white imps
  5 dart slugs (D:1)
  3 worms
  14 orcs
  6 endoplasms
  15 giant cockroaches
  9 goblins
  10 hobgoblins
  7 jackals
  4 quokkas
  9 ball pythons
  7 bats
  6 frilled lizards
  12 kobolds
  5 rats
200 creatures vanquished.

Vanquished Creatures (others)
  An orc (D:8)
1 creature vanquished.

Grand Total: 201 creatures vanquished

Notes
Turn   | Place    | Note
-------+----------+-------------------------------------------
     0 | D:1      | Farfigtubin the Hill Orc Fighter began the quest for the
                  | Orb.
     0 | D:1      | Reached XP level 1. HP: 19/19 MP: 1/1
    87 | D:1      | Reached skill level 3 in Axes
    95 | D:1      | Reached XP level 2. HP: 26/27 MP: 2/2
   305 | D:1      | Reached XP level 3. HP: 33/33 MP: 3/3
   422 | D:1      | Reached skill level 4 in Axes
   521 | D:1      | Found a faded altar of an unknown god.
   847 | D:2      | Identified the +1 robe of Defence {Slay+2}
   924 | D:2      | Reached XP level 4. HP: 39/40 MP: 4/4
  1386 | D:2      | Identified the ring of the Rescuing Scavenger {rPois rF+
                  | Will+ Str+3}
  1460 | D:3      | Reached skill level 5 in Axes
  1467 | D:3      | Reached XP level 5. HP: 43/47 MP: 5/5
  1962 | D:3      | Upgraded the game from 0.30-a0-1018-g25214051b3 to
                  | 0.30-a0-1043-g60ff8d5f49
  1981 | D:3      | Reached skill level 5 in Fighting
  1981 | D:3      | Reached skill level 6 in Axes
  1981 | D:3      | Reached XP level 6. HP: 19/56 MP: 6/6
  2585 | D:4      | Found an ancient bone altar of Kikubaaqudgha.
  2660 | D:4      | Found an iron altar of Okawaru.
  3127 | D:4      | Reached skill level 7 in Axes
  3127 | D:4      | Reached skill level 5 in Shields
  3127 | D:4      | Reached XP level 7. HP: 50/61 MP: 7/7
  3266 | D:5      | Entered Level 5 of the Dungeon
  3327 | D:5      | Reached skill level 8 in Axes
  3481 | D:5      | Noticed Sigmund
  3492 | D:5      | Killed Sigmund
  3493 | D:5      | Reached XP level 8. HP: 60/70 MP: 8/8
  3613 | D:5      | Reached skill level 9 in Axes
  3744 | D:5      | Noticed Duvessa
  3744 | D:5      | Noticed Dowan
  3751 | D:5      | Killed Duvessa
  3756 | D:5      | Killed Dowan
  3757 | D:5      | Reached skill level 5 in Armour
  4018 | D:6      | Reached skill level 10 in Axes
  4268 | D:6      | Reached XP level 9. HP: 70/79 MP: 9/9
  4531 | D:6      | Found a snail-covered altar of Cheibriados.
  4566 | D:6      | Found a glowing silver altar of Zin.
  4699 | D:7      | Found a staircase to the Ecumenical Temple.
  4743 | D:7      | Reached skill level 11 in Axes
  4800 | Temple   | Entered the Ecumenical Temple
  4800 | Temple   | Found a transporter.
  4800 | Temple   | Found a transporter.
  4802 | Temple   | Found a transporter.
  4802 | Temple   | Found a transporter.
  4913 | D:7      | Identified the +7 hand axe of Rinihy {antimagic, Fly rElec
                  | rN+}
  5063 | D:7      | Noticed Joseph
  5096 | D:7      | Killed Joseph
  5172 | D:7      | Reached skill level 12 in Axes
  5582 | D:8      | Noticed Pikel
  5606 | D:8      | Killed Pikel
  5846 | D:8      | Noticed Grum
  5860 | D:7      | Reached XP level 10. HP: 75/91 MP: 3/10
  5937 | D:8      | Killed Grum
  5938 | D:8      | Reached skill level 13 in Axes
  6011 | D:8      | Became a worshipper of Beogh the Brigand
  6302 | D:8      | Noticed a two-headed ogre
  6310 | D:8      | Killed a two-headed ogre
  6311 | D:8      | Reached skill level 1 in Invocations
  6449 | D:8      | Found a radiant altar of Vehumet.
  6770 | D:8      | Reached skill level 14 in Axes
  6818 | D:8      | Noticed Maurice
  6841 | D:8      | Killed Maurice
  7126 | D:9      | Reached skill level 10 in Fighting
  7138 | D:9      | Noticed Erolcha
  7207 | D:9      | HP: 3/93 [something (35)]
  7209 | D:9      | Mangled by Erolcha

Illustrated notes

Levels and vault maps discovered:
D:1:      minmay_arrival_pointy, layout_basic,
          hellmonk_ecumenical_altar_prayer_group
D:2:      layout_rooms, minmay_cupped
D:3:      minmay_roachtagon, layout_rooms, kennysheep_generic_room_2
D:4:      kb_forest_paths, layout_basic, mainiacjoe_overflow_big_doors,
          chequers_serial_rivers_micro_a, minmay_distorted
D:5:      layout_rooms, hangedman_decor_diamond_cutter, minmay_misc_feat_iff,
          uniq_duvessa, uniq_sigmund
D:6:      layout_cave_pools, mainiacjoe_overflow_two_lobes
D:7:      layout_cave_pods, minmay_temple_entry_ruins, uniq_joseph
D:8:      layout_gridville, vehumet_crystals, minmay_misc_feat_x,
          patterned_corridor, uniq_maurice, uniq_grum, uniq_pikel
D:9:      layout_cave_pools, lair_entry_dummy, uniq_erolcha, uniq_amaemon
Temple:   hellmonk_temple_divided_pantheon

Skill      XL: |  1  2  3  4  5  6  7  8  9 10 |
---------------+-------------------------------+-----
Axes           | 3 4 5 6 7 8 10 12 14 | 14.4
Fighting       | 4 5 6 7 9 10 | 10.0
Shields        | 4 5 |  5.1
Armour         | 4 5 7 8 |  8.3
Invocations    | 4 |  4.0

Action                     |  1- 3 |  4- 6 |  7- 9 | 10-12 || total
---------------------------+-------+-------+-------+-------++-------
  Melee: War axe           |    95 |   268 |   184 |       ||   547
         Hand axe          |       |       |    73 |   121 ||   194
  Throw: Stone             |       |     7 |    26 |    12 ||    45
         Dart              |       |       |       |     8 ||     8
 Invoke: Convert to Beogh  |       |       |       |     1 ||     1
  Evoke: Wand              |       |       |    23 |     3 ||    26
    Use: Potion            |       |     1 |     1 |     2 ||     4
         Scroll            |       |       |     3 |     2 ||     5
   Stab: Paralysed         |       |       |       |    10 ||    10
 Armour: Scale mail        |    41 |   113 |       |       ||   154
         Chain mail        |       |    25 |   108 |    28 ||   161
  Dodge: Dodged            |    46 |   110 |    89 |    25 ||   270
  Block: Buckler           |    21 |    64 |    54 |    18 ||   157

Table legend: (Time is in decaauts)
 A = Elapsed time spent in this place.
 B = Non-inter-level travel time spent in this place.
 C = Inter-level travel time spent in this place.
 D = Time resting spent in this place.
 E = Time spent auto-exploring this place.
 F = Levels seen in this place.
 G = Mean time per level.
                   A        B        C        D        E       F      G
               +--------+--------+--------+--------+--------+-----+--------+
         Total |   7274 |   6671 |    603 |    702 |   2476 |  10 |  727.4 |
       Dungeon |   7238 |   6646 |    592 |    702 |   2470 |   9 |  804.2 |
        Temple |     35 |     24 |     11 |      0 |      6 |   1 |   35.0 |
               +--------+--------+--------+--------+--------+-----+--------+

Top non-repeatable levels by time:
     D:8: 1445 daAuts
     D:4: 1190 daAuts
     D:7: 999 daAuts
     D:1: 859 daAuts
     D:3: 716 daAuts
     D:5: 709 daAuts
     D:6: 669 daAuts
     D:2: 610 daAuts
     D:9: 37 daAuts
  Temple: 35 daAuts
